 Dungeon Crawl Stone Soup version 0.30-a0-728-gc68057be0a (webtiles) character file.

Game seed: 561095167488304228

2688 NinjaNoafa the Spear-Bearer (level 9, -2/75 HPs)
             Began as a Hill Orc Fighter on Jan 30, 2023.
             Was an Initiate of Gozag.
             Shot with a bolt by an orc warrior (16 damage)
             ... on level 7 of the Dungeon.
             The game lasted 00:14:53 (6623 turns).

NinjaNoafa the Spear-Bearer (Hill Orc Fighter)      Turns: 6623, Time: 00:14:54

Health: -2/75      AC: 22    Str: 22    XL:     9   Next: 64%
Magic:  18/18      EV:  8    Int: 11    God:    Gozag
Gold:   103        SH:  5    Dex: 14    Spells: 8/8 levels left

rFire   . . .      SeeInvis .    n - +3 spear
rCold   . . .      Faith    .    c - +0 buckler
rNeg    . . .      Spirit   .    i - +4 chain mail "Tenem" {Str+3 Int+3 Stlth+}
rPois   .          Reflect  .    l - +1 helmet
rElec   .          Harm     .    m - +0 cloak
rCorr   .          Rampage  .    o - +0 pair of gloves
Will    .....                    (no boots) Stlth
                                 y - amulet of magic regeneration
HPRegen 0.32/turn                f - +4 ring of protection
MPRegen 0.56/turn                j - ring of magical power

@: about to teleport
A: no striking features
a: Renounce Religion, Potion Petition, Call Merchant, Bribe Branch


You were on level 7 of the Dungeon.
You worshipped Gozag.
Gozag was aware of your devotion.
You visited 2 branches of the dungeon, and saw 8 of its levels.

You collected 768 gold pieces.
You spent 656 gold pieces at shops.
You paid 9 gold pieces to Gozag.

Inventory:

Hand Weapons
 n - a +3 spear (weapon)
Missiles
 q - a throwing net
 s - 5 boomerangs (quivered)
Armour
 c - a +0 buckler (worn)
 i - the +4 chain mail "Tenem" (worn) {Str+3 Int+3 Stlth+}
   (You bought it in a shop on level 2 of the Dungeon)

   Str:       It affects your strength (+3).
   Int:       It affects your intelligence (+3).
   Stlth:     It makes you more stealthy.
 l - a +1 helmet (worn)
 m - a +0 cloak (worn)
 o - a +0 pair of gloves (worn)
Jewellery
 f - a +4 ring of protection (left hand)
 j - a ring of magical power (right hand)
 y - an amulet of magic regeneration (around neck)
Wands
 u - a wand of digging (4)
 v - a wand of flame (35)
Scrolls
 a - a scroll of vulnerability
 b - a scroll of magic mapping
 d - 2 scrolls of teleportation
 e - a scroll of poison
 t - 2 scrolls of amnesia {unknown}
 w - a scroll of fear {unknown}
 x - a scroll of noise {unknown}
 z - a scroll of identify
Potions
 g - 4 potions of curing
 h - a potion of resistance
 k - a potion of invisibility {unknown}
 p - 2 potions of flight
 r - a potion of brilliance {unknown}


   Skills:
 - Level 5.7 Fighting
 - Level 4.1(9.8) Axes
 + Level 11.6(11.9) Polearms
 - Level 5.2 Armour
 - Level 2.0 Dodging
 - Level 4.5 Shields


You had 8 spell levels left.
You didn't know any spells.
Your spell library contained the following spells:

 Spells                   Type           Power      Damage    Failure   Level
 Summon Small Mammal      Summ           0%         N/A       98%         1
 Call Canine Familiar     Summ           0%         N/A       100%        3
 Summon Guardian Golem    Hex/Summ       0%         N/A       100%        3


Dungeon Overview and Level Annotations

Branches:
Dungeon (7/15)             Temple (1/1) D:7

Altars:
Ashenzari
Cheibriados
Elyvilon
Fedhas
Gozag
Hepliaklqana
Kikubaaqudgha
Makhleb
Nemelex Xobeh
Okawaru
Qazlal
Ru
Sif Muna
Trog
Uskayaw
Vehumet
Wu Jian
Xom
Yredelemnul
Zin
The Shining One

Shops:
D:1 =   D:2 ![(   D:4 [   D:5 (


Message History

* * * LOW HITPOINT WARNING * * *
You barely miss the orc warrior.
The orc warrior is moderately wounded.
You hit the orc warrior.
The orc warrior is heavily wounded.
The orc warrior hits you with a +0 battleaxe!
* * * LOW HITPOINT WARNING * * *
You hit the orc warrior but do no damage.
The orc warrior is heavily wounded.
You feel better.
The orc warrior drinks a potion.
The orc warrior is healed!
You completely miss the orc warrior.
The orc warrior is moderately wounded.
The orc warrior hits you with a +0 battleaxe.
* * * LOW HITPOINT WARNING * * *
You hit the orc warrior but do no damage.
The orc warrior is moderately wounded.
You feel better.
The orc warrior hits you with a +0 battleaxe.
* * * LOW HITPOINT WARNING * * *
You hit the orc warrior.
The orc warrior is moderately wounded.
The orc warrior barely misses you.
You barely miss the orc warrior.
The orc warrior is moderately wounded.
You closely miss the orc warrior.
The orc warrior is moderately wounded.
The orc warrior hits you with a +0 battleaxe!
* * * LOW HITPOINT WARNING * * *
You hit the orc warrior but do no damage.
The orc warrior is moderately wounded.
Okay, then.
As you read the scroll of teleportation, it crumbles to dust.
You feel strangely unstable.
The orc warrior hits you with a +0 battleaxe.
* * * LOW HITPOINT WARNING * * *
The orc warrior unwields a +0 battleaxe.
The orc warrior wields a +0 arbalest.
The orc warrior shoots a bolt.
The bolt hits you!
You die...
Your body crumbles into a pile of gold.

.... #... ## #... #.#
#...#### #.#
###......#######.####.
.........'.$$.$.......
###.....o#####$######
.........# ##.## #.#
#......@####.### #.#
#..............## #.#
#.......#.......# #.#
........#.......#####.#
#########...........#.#
#...........#.#
#.............#
#.........♣.♣.##
#######....>...#


You could see an orc warrior.

Vanquished Creatures
  Pikel (D:6)
  Eustachio (D:6)
  Edmund (D:6)
  A water moccasin (D:6)
  Duvessa (D:6)
  An ice beast (D:7)
  A sky beast (D:6)
  A black bear (D:6)
  2 ogres
  2 phantoms
  2 bullfrogs
  A gnoll sergeant (D:7)
  4 scorpions
  A howler monkey (D:6)
  2 jellies
  3 hounds
  4 orc priests
  2 iguanas
  Natasha (D:2)
  2 orc wizards
  Terence (D:2)
  Robin (D:2)
  10 gnolls
  5 adders
  A worm (D:2)
  A dart slug (D:2)
  17 orcs
  5 ball pythons
  6 endoplasms
  2 giant cockroaches
  19 goblins
  7 hobgoblins
  4 jackals
  2 quokkas
  3 frilled lizards
  5 kobolds
  4 rats
127 creatures vanquished.

Vanquished Creatures (collateral kills)
  Dowan (D:6)
  An iguana (D:6)
2 creatures vanquished.

Vanquished Creatures (others)
  A plant (D:5)
1 creature vanquished.

Grand Total: 130 creatures vanquished

Notes
Turn   | Place    | Note
-------+----------+-------------------------------------------
     0 | D:1      | NinjaNoafa the Hill Orc Fighter began the quest for the
                  | Orb.
     0 | D:1      | Reached XP level 1. HP: 19/19 MP: 1/1
   236 | D:1      | Found Viaj's Jewellery Boutique.
   334 | D:1      | Reached XP level 2. HP: 27/27 MP: 2/2
   885 | D:2      | Noticed Terence
   896 | D:2      | Killed Terence
   897 | D:2      | Reached XP level 3. HP: 31/34 MP: 3/3
  1076 | D:2      | Found Xiedwieh's Distillery.
  1077 | D:2      | Found Fesosak's Armour Boutique.
  1289 | D:2      | Found an opulent altar of Gozag.
  1289 | D:2      | Noticed Robin
  1293 | D:2      | Reached XP level 4. HP: 40/41 MP: 4/4
  1325 | D:2      | Killed Robin
  1432 | D:2      | Found Diefaac's Weapon Boutique.
  1470 | D:2      | Became a worshipper of Gozag Ym Sagoz the Greedy
  1564 | D:2      | Noticed Natasha
  1574 | D:2      | Killed Natasha
  1617 | D:2      | Reached XP level 5. HP: 47/47 MP: 5/5
  1771 | D:3      | Found a glowing golden altar of the Shining One.
  1773 | D:3      | Found an ornate altar of the Wu Jian Council.
  1851 | D:3      | Reached skill level 5 in Fighting
  1855 | D:3      | Reached skill level 1 in Dodging
  2287 | D:3      | Found a faded altar of an unknown god.
  2544 | D:4      | Reached XP level 6. HP: 44/56 MP: 6/6
  2678 | D:4      | You fall into a shaft and drop 1 floor!
  2678 | D:5      | Entered Level 5 of the Dungeon
  2732 | D:5      | Reached skill level 5 in Armour
  2993 | D:4      | Reached XP level 7. HP: 47/62 MP: 7/7
  3203 | D:5      | Reached skill level 1 in Polearms
  3411 | D:4      | Reached skill level 2 in Polearms
  3423 | D:4      | Reached skill level 3 in Polearms
  3822 | D:4      | Reached skill level 4 in Polearms
  3913 | D:4      | Found Xeododgho's Antique Armour Boutique.
  4130 | D:5      | Reached skill level 5 in Polearms
  4130 | D:5      | Reached XP level 8. HP: 65/70 MP: 8/8
  4171 | D:5      | Found Vodghymoo's Hydra Hut.
  4172 | D:5      | Noticed an eight-headed hydra
  4174 | D:5      | Noticed a komodo dragon
  4199 | D:6      | Noticed Eustachio
  4262 | D:5      | Noticed a cacodemon
  4263 | D:5      | Found a burning altar of Makhleb.
  4267 | D:5      | Found a glowing silver altar of Zin.
  4267 | D:5      | Noticed an angel
  4502 | D:6      | Killed Eustachio
  4503 | D:6      | Reached skill level 6 in Polearms
  4702 | D:6      | Noticed Duvessa
  4735 | D:6      | Noticed Dowan
  4756 | D:6      | Reached skill level 7 in Polearms
  4771 | D:6      | Killed Dowan
  4794 | D:6      | Killed Duvessa
  4795 | D:6      | Reached skill level 8 in Polearms
  4991 | D:6      | Noticed Edmund
  5057 | D:6      | Killed Edmund
  5058 | D:6      | Reached skill level 9 in Polearms
  5058 | D:6      | Reached XP level 9. HP: 40/75 MP: 9/9
  5131 | D:6      | Noticed Pikel
  5175 | D:6      | Killed Pikel
  5176 | D:6      | Reached skill level 10 in Polearms
  5647 | D:2      | Bought the +4 chain mail "Tenem" {Str+3 Int+3 Stlth+} for
                  | 656 gold pieces
  5890 | D:6      | Reached skill level 11 in Polearms
  6327 | D:7      | Found a staircase to the Ecumenical Temple.
  6338 | Temple   | Entered the Ecumenical Temple
  6623 | D:7      | Shot with a bolt by an orc warrior

Illustrated notes

Levels and vault maps discovered:
D:1:      lemuel_arrival_river_bridge, layout_loops_ring, serial_shops,
          nicolae_shop_hallway_plus
D:2:      layout_loops_ring, basic_altar, serial_shops, shop, shop, shop,
          kennysheep_generic_room_15, uniq_terence, uniq_robin, uniq_natasha
D:3:      layout_loops_ring, minitemple, ebering_ecumenical_altar_hall,
          hangedman_decor_peaks_small
D:4:      layout_rooms, serial_shops, nicolae_take_the_stairs,
          minmay_strange_pillars, hangedman_minor_gate_pass
D:5:      layout_gridville, grunt_temple_overflow_order_and_chaos_2,
          doesnt_shop_hydraphobe
D:6:      layout_rooms, uniq_edmund, uniq_duvessa, uniq_pikel, uniq_eustachio
D:7:      layout_basic, minmay_temple_entry_trees, hangedman_decor_slide_cut,
          st_stairs_3, corexii_item_surrounded_by_moat, minmay_misc_feat_room
Temple:   minmay_crystal_spiral_temple

Skill      XL: |  1  2  3  4  5  6  7  8  9 |
---------------+----------------------------+-----
Axes           | 3 4 |  4.1
Fighting       | 4 5 |  5.7
Armour         | 4 5 |  5.2
Dodging        | 1 2 |  2.0
Shields        | 4 |  4.5
Polearms       | 5 9 11 | 11.6

Action                     |  1- 3 |  4- 6 |  7- 9 || total
---------------------------+-------+-------+-------++-------
  Melee: War axe           |    65 |   142 |    67 ||   274
         Spear             |       |       |   336 ||   336
  Throw: Throwing net      |       |     1 |       ||     1
         Boomerang         |       |       |    13 ||    13
  Evoke: Wand              |       |       |     4 ||     4
    Use: Potion            |       |     4 |     7 ||    11
         Scroll            |       |     5 |     9 ||    14
 Armour: Scale mail        |    18 |       |       ||    18
         Ring mail         |    15 |   114 |   204 ||   333
         Chain mail        |       |       |    33 ||    33
  Dodge: Dodged            |    29 |    98 |   232 ||   359
  Block: Buckler           |    10 |    56 |   114 ||   180

Table legend: (Time is in decaauts)
 A = Elapsed time spent in this place.
 B = Non-inter-level travel time spent in this place.
 C = Inter-level travel time spent in this place.
 D = Time resting spent in this place.
 E = Time spent auto-exploring this place.
 F = Levels seen in this place.
 G = Mean time per level.
                   A        B        C        D        E       F      G
               +--------+--------+--------+--------+--------+-----+--------+
         Total |   6612 |   5607 |   1005 |      1 |   3856 |   8 |  826.5 |
       Dungeon |   6402 |   5481 |    921 |      1 |   3745 |   7 |  914.6 |
        Temple |    210 |    126 |     84 |      0 |    111 |   1 |  210.0 |
               +--------+--------+--------+--------+--------+-----+--------+

Top non-repeatable levels by time:
     D:3: 1157 daAuts
     D:4: 1036 daAuts
     D:2: 1000 daAuts
     D:6: 954 daAuts
     D:5: 932 daAuts
     D:1: 796 daAuts
     D:7: 526 daAuts
  Temple: 210 daAuts
